AoeStats
← nidia.arfanotti

Arena

510253305Analyzed
1v1 RM · 1d ago on Sep 30, 2026· 22m 17s· 2 players
Game mode
Random Map
Map size
Tiny (2 player)
Population
200
Speed
Normal
Resources
Standard
Victory
Conquest
Starting age
Dark Age
Ending age
Imperial Age
RankedLock teamsTeams togetherTeam positionsShared explorationLock speedFull tech treeHidden civsTurbo modeCheats
Victory
Defeat
🇺🇸 Koreans · United States
954
+42
🇦🇷 Khmer · Argentina
1000
-55
texasattorneygw
10:23 Feudal Age
11:11 Double-Bit Axe
12:44 Horse Collar
16:03 Castle Age
15:05 Fletching
17:36 Gold Mining
19:32 Bodkin Arrow
19:30 Loom
nidia.arfanotti
11:18 Feudal Age
9:44 Loom
12:26 Double-Bit Axe
12:32 Horse Collar
15:12 Wheelbarrow
15:31 Town Watch
18:17 Castle Age
19:20 Wheelbarrow
19:29 Wheelbarrow
19:38 Scale Barding Armor
19:44 Forging
19:26 Fletching
19:58 Husbandry
22:45 Hand Cart
Connection lost

Rejoining the realm…

Still unreachable

The connection could not be restored.

Session expired

The server has moved on; the page needs a fresh start.